 Dungeon Crawl Stone Soup version 0.29.1-4-g47bece8355 (webtiles) character file.

Game seed: 8096794977173368537

6040 H0rd4k the Martial Artist (level 10, -4/71 HPs)
             Began as an Octopode Artificer on Dec 5, 2022.
             Was an Initiate of Gozag.
             Slain by an orc
             ... wielding a +0 halberd
              (5 damage)
             ... in a bailey.
             The game lasted 00:19:05 (13752 turns).

H0rd4k the Martial Artist (Octopode Artificer)     Turns: 13752, Time: 00:19:05

Health: -4/71      AC:  5    Str: 12    XL:     10   Next: 86%
Magic:  19/19      EV: 13    Int: 17    God:    Gozag
Gold:   749        SH:  0    Dex: 13    Spells: 19/21 levels left

rFire   + + +      SeeInvis .     - Unarmed
rCold   x . .      Faith    .   (no shield)
rNeg    . . .      Spirit   .   (helmet restricted)
rPois   .          Reflect  .   p - amulet of the acrobat
rElec   .          Harm     .   n - ring of fire
rCorr   .          Rampage  .   B - ring of protection from fire
Will    .....                   J - +4 ring of protection
Stlth   +++.......              (no ring)
HPRegen 0.21/turn               (no ring)
MPRegen 0.16/turn               (no ring)
                                (no ring)
                                (no ring)

@: mighty, invisible
A: almost no armour, amphibious, 8 rings, camouflage 1, gelatinous body 1,
(nimble swimmer 1), tentacles, fire resistance 1
a: Renounce Religion, Potion Petition, Call Merchant, Bribe Branch


You were in a bailey.
You worshipped Gozag.
Gozag was pleased with you.
You visited 3 branches of the dungeon, and saw 12 of its levels.
You also visited: Ossuary and Bailey.

You collected 1436 gold pieces.
You spent 540 gold pieces at shops.
You paid 147 gold pieces to Gozag.

Inventory:

Missiles
 f - 17 poisoned darts (quivered)
Armour
 a - an orb of energy
 e - an orb of guile
Magical Staves
 x - a staff of cold
Jewellery
 n - a ring of fire (left tentacle)
 p - an amulet of the acrobat (around mantle)
 w - an amulet of faith
 B - a ring of protection from fire (right tentacle)
 J - a +4 ring of protection (on tentacle)
Wands
 d - a wand of roots (5)
 F - a wand of polymorph (7)
 H - a wand of digging (5)
Scrolls
 c - a scroll of enchant armour {unknown}
 g - 4 scrolls of enchant weapon
 j - 3 scrolls of poison
 k - 2 scrolls of blinking
 m - 5 scrolls of teleportation
 o - 3 scrolls of butterflies
 y - 2 scrolls of fear
Potions
 h - a potion of ambrosia
 r - a potion of cancellation
 t - 4 potions of curing
 u - 5 potions of attraction
 z - 2 potions of invisibility
 A - 3 potions of might
 C - 2 potions of degeneration
 G - a potion of brilliance


   Skills:
 * Level 7.0 Fighting
 + Level 1.3 Throwing
 - Level 2.3 Dodging
 - Level 1.3 Stealth
 + Level 11.5 Unarmed Combat
 * Level 6.0 Spellcasting
 - Level 4.8 Translocations
 - Level 3.2 Evocations


You had 19 spell levels left.
You knew the following spells:

 Your Spells              Type           Power      Damage    Failure   Level
a - Blink                 Tloc           42%        N/A       2%          2

Your spell library contained the following spells:

 Spells                   Type           Power      Damage    Failure   Level
 Dazzling Flash           Conj/Hex       10%        N/A       36%         3
 Iskenderun's Mystic Bla  Conj/Tloc      13%        2d5       43%         4
 Manifold Assault         Tloc           21%        N/A       43%         5
 Starburst                Conj/Fire      3%         6d3       100%        6
 Storm Form               Tmut/Air       2%         N/A       100%        7


Dungeon Overview and Level Annotations

Branches:
Dungeon (10/15)            Temple (1/1) D:5            Lair (1/5) D:9
    Orc (0/2) D:10        Ossuary (visited)          Bailey (1/1)

Altars:
Ashenzari
Cheibriados
Dithmenos
Elyvilon
Fedhas
Gozag
Hepliaklqana
Kikubaaqudgha
Makhleb
Nemelex Xobeh
Okawaru
Qazlal
Ru
Sif Muna
Trog
Uskayaw
Vehumet
Wu Jian
Xom
Yredelemnul
Zin
The Shining One

Shops:
D:8 =?(**

Annotations:
D:2 exclusion: 2 downstairs
D:3 exclusion: downstairs
D:4 exclusion: upstairs
D:5 exclusion: downstairs
D:8 exclusion: 2 downstairs
Lair:1 exclusion: hydra


Innate Abilities, Weirdness & Mutations

You cannot wear most types of armour.
You are amphibious.
You can wear up to eight rings at the same time.
Your skin changes colour to match your surroundings (Stealth+).
Your rubbery body absorbs attacks. (AC +1, EV +1)
((You are camouflaged when in or above water. (Stealth+)))
You have tentacles for arms and can constrict up to eight enemies at once.
Your flesh is heat resistant. (rF+)


Message History

The orc warrior barely misses you. The orc warrior completely misses you.
You closely miss the orc warrior. Your grab misses the orc warrior.
The orc warrior closely misses you. The orc closely misses you.
You catch the helpless orc warrior completely off-guard!
You tentacle-slap the orc warrior. Your grab misses the orc warrior.
The orc warrior is lightly wounded.
The orc barely misses you. The orc warrior completely misses you.
The orc warrior completely misses you.
You bludgeon the orc warrior! You grab the orc warrior.
The orc warrior is moderately wounded.
You constrict the orc warrior, but do no damage.
You tentacle-slap the orc warrior.
The orc warrior is heavily wounded.
You constrict the orc warrior. The orc warrior barely misses you.
The orc barely misses you.
You catch the helpless orc warrior completely off-guard!
You tentacle-slap the orc warrior but do no damage.
The orc warrior is heavily wounded.
You constrict the orc warrior.
The orc warrior hits you with a +0 glaive!
* * * LOW HITPOINT WARNING * * *
The orc barely misses you.
You tentacle-slap the orc warrior. Your squeeze misses the orc warrior.
The orc warrior is severely wounded.
You constrict the orc warrior, but do no damage.
The orc warrior hits you with a +0 glaive!
* * * LOW HITPOINT WARNING * * *
The orc closely misses you.
You catch the helpless orc warrior completely off-guard!
You tentacle-slap the orc warrior but do no damage.
The orc warrior is severely wounded.
You constrict the orc warrior, but do no damage.
You feel better.
You constrict the orc warrior.
The orc warrior hits you with a +0 glaive!
* * * LOW HITPOINT WARNING * * *
The orc hits you from afar with a +0 halberd.
You die...
Your body crumbles into a pile of gold.

≈≈..≈.≈).≈≈..#...≈#
≈.≈≈≈)≈≈≈.≈≈.#⌠..≈#
.≈≈...).≈≈.≈.##..≈#
.≈.≈≈≈≈≈)≈.≈≈.#..≈#
≈≈.≈...≈)≈≈.≈.#..≈#
≈.≈≈...≈≈.≈.≈.#..≈#
≈.≈.⌠∩⌠.≈.≈.≈.#..≈#
≈.≈..∩..≈.≈.≈.#.o≈#
≈.≈.⌠∩⌠.≈.≈.≈.#.@≈#
≈.≈≈...≈≈.≈.≈.#..≈#
≈≈.≈...≈.≈≈.≈.#o.≈#
.≈.≈≈.≈≈.≈.≈≈.#..≈#
.≈≈.≈.≈.≈≈.≈..$.$≈#
..≈≈...≈≈.....#$.≈#
...≈≈≈≈≈......#..##
≈.)....)).≈≈≈≈#$##
≈≈⌠.....)≈≈######


You could see an orc warrior (unable to see you) and an orc (unable to see you).

Vanquished Creatures
  Pikel (D:7)
  Joseph (D:8)
  4 blink frogs (Lair:1)
  2 shadows
  4 wyverns
  A wraith (D:9)
  A water moccasin (Lair:1)
  An orc warrior (Bailey)
  A black bear (D:4)
  2 wolves (D:8)
  7 centaurs
  4 ogres
  A phantom (D:3)
  A kobold brigand (D:8)
  2 elf zombies (Ossuary)
  3 bullfrogs
  A scorpion (D:5)
  3 wights (D:8)
  A howler monkey (D:8)
  2 gnoll boudas
  2 jellies
  5 orc priests
  A hound (D:5)
  4 centaur zombies (Ossuary)
  6 human zombies (Ossuary)
  An iguana (D:4)
  4 orc wizards
  An ogre zombie (D:10)
  4 mummies
  7 gnolls
  5 adders
  A shadow imp (D:6)
  2 ufetubi (D:4)
  5 worms
  4 dart slugs
  29 orcs
  2 endoplasms
  2 giant cockroaches
  8 goblins
  4 hobgoblins
  4 quokkas
  5 ball pythons
  A bat (D:2)
  3 frilled lizards
  12 kobolds
  An orc skeleton (D:10)
  7 orc zombies (D:10)
  10 rats
183 creatures vanquished.

Vanquished Creatures (collateral kills)
  Grum (D:8)
  An ogre (D:4)
  A bullfrog (D:8)
  An orc priest (D:8)
  Terence (D:3)
  An orc wizard (D:8)
  4 gnolls
  2 adders (D:3)
  A worm (D:3)
  An orc (D:3)
  An endoplasm (D:4)
  A hobgoblin (D:3)
  A ball python (D:3)
17 creatures vanquished.

Vanquished Creatures (others)
  An orc warrior (D:8)
  A black bear (D:4)
  2 wolves (D:8)
  A wight (D:8)
  An orc (D:3)
  3 fungi (Lair:1)
  17 plants (D:9)
26 creatures vanquished.

Grand Total: 226 creatures vanquished

Notes
Turn   | Place    | Note
-------+----------+-------------------------------------------
     0 | D:1      | H0rd4k the Octopode Artificer began the quest for the Orb.
     0 | D:1      | Reached XP level 1. HP: 13/13 MP: 1/1
   589 | D:1      | Reached XP level 2. HP: 18/18 MP: 1/3
   957 | D:2      | Reached skill level 1 in Spellcasting
  1175 | D:2      | Reached XP level 3. HP: 20/24 MP: 4/4
  1453 | D:2      | Reached skill level 1 in Unarmed Combat
  1937 | D:3      | Noticed a phantom
  1946 | D:4      | Noticed an ogre
  2065 | D:4      | Noticed an ogre
  2088 | D:3      | Noticed Terence
  2414 | D:3      | Reached XP level 4. HP: 29/29 MP: 6/6
  2471 | D:3      | Reached skill level 2 in Unarmed Combat
  2520 | D:3      | Killed a phantom
  2521 | D:3      | Reached XP level 5. HP: 35/35 MP: 8/8
  2541 | D:3      | Killed Terence
  2972 | D:3      | Reached skill level 3 in Unarmed Combat
  3656 | D:3      | Found a faded altar of an unknown god.
  3718 | D:3      | Found a hazy altar of Hepliaklqana.
  3727 | D:3      | Found a sacrificial altar of Ru.
  3788 | D:3      | Learned a level 2 spell: Blink
  3842 | D:4      | Noticed a black bear
  3861 | D:4      | Reached XP level 6. HP: 37/42 MP: 9/9
  3892 | D:4      | Reached skill level 4 in Unarmed Combat
  4039 | D:4      | Reached skill level 1 in Translocations
  4101 | D:4      | Noticed a black bear
  4108 | D:4      | Killed a black bear
  4109 | D:4      | Reached XP level 7. HP: 39/46 MP: 11/11
  4253 | D:4      | Noticed a wyvern
  4258 | D:4      | Killed a wyvern
  4259 | D:4      | Reached skill level 5 in Unarmed Combat
  4448 | D:5      | Entered Level 5 of the Dungeon
  4634 | D:5      | Found a staircase to the Ecumenical Temple.
  4690 | Temple   | Entered the Ecumenical Temple
  4850 | D:5      | Reached XP level 8. HP: 19/54 MP: 13/13
  5646 | D:6      | Reached skill level 6 in Unarmed Combat
  6982 | D:7      | Found a sand-covered staircase.
  6990 | Ossuary  | Entered an ossuary
  7056 | Ossuary  | Reached skill level 5 in Fighting
  7064 | Ossuary  | Reached skill level 7 in Unarmed Combat
  7472 | Ossuary  | Reached XP level 9. HP: 26/61 MP: 15/15
  7791 | D:7      | Noticed Pikel
  7833 | D:7      | Found an opulent altar of Gozag.
  7845 | D:7      | Became a worshipper of Gozag Ym Sagoz the Greedy
  8061 | D:7      | Killed Pikel
  8062 | D:7      | Reached skill level 8 in Unarmed Combat
  9004 | D:8      | Noticed Joseph
  9212 | D:8      | Killed Joseph
  9213 | D:8      | Reached skill level 9 in Unarmed Combat
  9213 | D:8      | Reached skill level 5 in Spellcasting
  9544 | D:8      | Noticed Grum
  9643 | D:8      | Reached XP level 10. HP: 12/68 MP: 17/17
  9649 | D:8      | Killed Grum
  9964 | D:8      | Found Xammitu's Assorted Antiques.
 10013 | D:8      | Reached skill level 10 in Unarmed Combat
 10731 | D:8      | Found Naveonof's General Store.
 10733 | D:8      | Found Dunan's Magic Scroll Shoppe.
 10739 | D:8      | Found Zyogg's Antique Weapon Shoppe.
 10742 | D:8      | Found Ihyaref's Jewellery Shoppe.
 10747 | D:8      | Bought a +4 ring of protection for 540 gold pieces
 10997 | D:9      | Noticed a two-headed ogre
 11226 | D:9      | Found a staircase to the Lair.
 11238 | D:9      | Found an iron altar of Okawaru.
 11776 | D:9      | Identified the +1 quarterstaff of Slow Death {speed, rF-
                  | Str+8}
 12246 | D:9      | Gained mutation: Your flesh is heat resistant. (rF+)
                  | [potion of mutation]
 12293 | Lair:1   | Entered Level 1 of the Lair of Beasts
 12528 | Lair:1   | Found an ancient bone altar of Kikubaaqudgha.
 12564 | Lair:1   | Noticed a cane toad
 12575 | Lair:1   | Noticed a four-headed hydra
 12628 | Lair:1   | Reached skill level 11 in Unarmed Combat
 12954 | D:10     | Entered Level 10 of the Dungeon
 12963 | D:10     | Reached skill level 1 in Throwing
 13063 | D:10     | Found a flagged portal.
 13139 | D:10     | Found a staircase to the Orcish Mines.
 13232 | Bailey   | Entered a bailey
 13752 | Bailey   | HP: 1/71 [orc warrior/+0 glaive (14)]
 13752 | Bailey   | Slain by an orc

Illustrated notes

Levels and vault maps discovered:
D:1:      heliophobic_arrival_battle_scene, layout_loops_ring,
          minmay_misc_feat_tiny
D:2:      layout_loops_ring
D:3:      layout_rooms, mainiacjoe_overflow_large_starburst,
          dilly_ecumenical_altar_fadedgnrine, uniq_terence
D:4:      layout_rooms
D:5:      layout_loops_cross, minmay_temple_entry_junction_2
D:6:      layout_basic
D:7:      layout_layer_cave, mainiacjoe_overflow_tiny_flanked,
          gup_ossuary_entry_pyramid, uniq_pikel
D:8:      layout_loops_ring, serial_shops, nicolae_square_shop,
          minmay_shop_grid_forest, dreamdust_princess_corridor, uniq_grum,
          uniq_joseph
D:9:      layout_long_grid, mainiacjoe_overflow_cross_hatched,
          david_lair_shrubbed, serial_park_tiny_pond
D:10:     layout_roguey, zombieorc2_lemuel, enter_bailey_5, serial_shops,
          nicolae_shop_competitors_out_of_business
Temple:   regret_index_temple_chain_breaker
Lair:1:   layout_roguey, basic_altar, serial_bayou_shore_b
Bailey:   bailey_polearm_flooded_kennysheep, bailey

Skill      XL: |  1  2  3  4  5  6  7  8  9 10 |
---------------+-------------------------------+-----
Spellcasting   | 1 2 3 4 5 6 |  6.0
Fighting       | 2 3 4 5 6 7 |  7.0
Unarmed Combat | 1 2 3 4 5 7 9 11 | 11.5
Translocations | 1 2 3 4 |  4.8
Throwing       | 1 |  1.3
Dodging        | |  2.3
Stealth        | |  1.3
Evocations     | |  3.2

Action                   |  1- 3 |  4- 6 |  7- 9 | 10-12 || total
-------------------------+-------+-------+-------+-------++-------
Melee: Unarmed           |    76 |    79 |   187 |   189 ||   531
       Constrict         |    24 |    22 |    34 |    35 ||   115
       Tentacles         |    18 |    28 |    70 |    47 ||   163
       Punch             |     1 |     4 |    13 |    10 ||    28
Throw: Dart              |       |       |       |    10 ||    10
Evoke: Wand              |     2 |    14 |    39 |    13 ||    68
  Use: Potion            |       |     1 |       |     9 ||    10
       Scroll            |       |       |    11 |     9 ||    20
 Stab: Sleeping          |     8 |     4 |     2 |     1 ||    15
       Invisible         |       |       |       |     3 ||     3
       Distracted        |       |       |       |     2 ||     2
Armor: Skin              |     5 |     4 |    18 |    25 ||    52
Dodge: Dodged            |    41 |    47 |   114 |   140 ||   342
